 Dungeon Sprint DCSS version 0.30-a0-223-gcb0039aa0c (webtiles) character file.

Game seed: 7787780178321785150

3834 rocky1 the Nimble (level 10, -6/87 HPs)
             Began as a Gnoll Monk on Oct 10, 2022.
             Was a High Priest of Okawaru.
             Mangled by a snapping turtle (18 damage)
             ... in the Dungeon (Sprint VII: "The Pits").
             The game lasted 00:06:47 (1661 turns).

rocky1 the Nimble (Gnoll Monk)                      Turns: 1661, Time: 00:06:47

Health: -6/87      AC: 15    Str: 16 (17) XL:     10   Next: 18%
Magic:  0/22       EV: 11    Int: 11 (13) God:    Okawaru [*****.]
Gold:   0          SH:  0    Dex: 15      Spells: 26/26 levels left

rFire   . . .      SeeInvis .    y - +2 halberd (venom)
rCold   . . .      Faith    .    (shield currently unavailable)
rNeg    . . .      Spirit   .    x - +4 chain mail
rPois   .          Reflect  .    (no helmet)
rElec   .          Harm     .    (no cloak)
rCorr   .          Rampage  .    (no gloves)
Will    .....      NoTele   +    (no boots)
Stlth   +.........               (no amulet)
HPRegen 0.34/turn                t - +3 ring of intelligence
MPRegen 0.18/turn                s - +3 ring of strength

@: no status effects
A: fangs 1, strong nose, distributed training
a: Renounce Religion, Heroism, Finesse


You were in the Dungeon.
You worshipped Okawaru.
Okawaru was extremely pleased with you.
You visited 1 branch

Inventory:

Hand Weapons
 a - a +2 scimitar of holy wrath
 m - the +2 war axe "Xafeytsi" {freeze, Fly SInv}
   (You found it in the Dungeon)

   It freezes those it strikes, dealing additional cold damage.
   It can also slow down cold-blooded creatures.
   SInv:      It lets you see invisible.
   Fly:       It grants you flight.
 o - a +2 vorpal trident
 r - a +0 shortbow
 y - a +2 halberd of venom (weapon)
Missiles
 p - a boomerang
 q - 5 javelins (quivered)
Armour
 b - a +0 robe
 i - a +0 leather armour of poison resistance
 n - a +3 ring mail
 x - a +4 chain mail (worn)
Jewellery
 s - a +3 ring of strength (right hand)
 t - a +3 ring of intelligence (left hand)
Scrolls
 k - 5 scrolls of amnesia
 l - a scroll of summoning
Potions
 c - a potion of ambrosia
 d - 8 potions of curing
 e - 5 potions of heal wounds
 f - 2 potions of haste
 g - 4 potions of magic
 h - 2 potions of berserk rage
 j - 2 potions of invisibility
 u - a potion of resistance
 v - a potion of brilliance
 w - a potion of mutation


   Skills:
 + Level 11.0 Fighting
 + Level 8.9 Short Blades
 + Level 8.9 Long Blades
 + Level 8.9 Axes
 + Level 8.9 Maces & Flails
 + Level 11.0 Polearms
 + Level 8.9 Staves
 + Level 8.9 Ranged Weapons
 + Level 8.9 Throwing
 + Level 8.9 Armour
 + Level 11.0 Dodging
 + Level 9.9 Stealth
 + Level 8.9 Shields
 + Level 8.9 Unarmed Combat
 + Level 8.9 Spellcasting
 + Level 7.4 Conjurations
 + Level 7.4 Hexes
 + Level 7.4 Summonings
 + Level 7.4 Necromancy
 + Level 7.4 Translocations
 + Level 7.4 Transmutations
 + Level 7.4 Fire Magic
 + Level 7.4 Ice Magic
 + Level 7.4 Air Magic
 + Level 7.4 Earth Magic
 + Level 7.4 Poison Magic
 + Level 9.7 Invocations
 + Level 8.9 Evocations


You had 26 spell levels left.
You didn't know any spells.
Your spell library was empty.

Dungeon Overview and Level Annotations

Branches:
Dungeon (1/1)

Altars:
Ashenzari
Cheibriados
Dithmenos
Elyvilon
Fedhas
Gozag
Hepliaklqana
Kikubaaqudgha
Makhleb
Nemelex Xobeh
Okawaru
Qazlal
Ru
Sif Muna
Trog
Uskayaw
Vehumet
Wu Jian
Xom
Yredelemnul
Zin
The Shining One
Jiyva
Lugonu


Innate Abilities, Weirdness & Mutations

You have very sharp teeth.
Your uncanny sense of smell can sniff out nearby items.
Your experience applies equally to all skills.


Message History

The snapping turtle bites you from afar!
Something hits you but does no damage. Something hits you.
Something stings you but does no damage.
You feel you are being watched by something.
You feel your power leaking away.
You feel you are being watched by something.
Something hits you!
You feel dopey. Something hits you.
Something stings you but does no damage.
The snapping turtle bites you from afar!
You feel you are being watched by something.
Things that are here:
a +0 scythe; a +0 robe; the human corpse of Sigmund
There is an open door, spattered with blood here.
You feel you are being watched by something.
Something is blocking the doorway!
You feel you are being watched by something.
You feel your power leaking away. Something hits you but does no damage.
Something hits you.
Something stings you but does no damage.
The snapping turtle completely misses you.
Unknown command.
You barely miss something.
You feel you are being watched by something.
Something hits you but does no damage. x2; Something stings you!
* * * LOW HITPOINT WARNING * * *
Something hits you but does no damage. Something hits you!
* * * LOW HITPOINT WARNING * * *
You feel dopey.
Something stings you but does no damage.
The snapping turtle bites you from afar!
* * * LOW HITPOINT WARNING * * *
Unknown command.
Okay, then.
You feel much better. Something hits you!
* * * LOW HITPOINT WARNING * * *
Something hits you but does no damage. Something completely misses you.
The snapping turtle bites you from afar!!
You die...

..<...##..# ##.## ......##).#
##...##
......##..####)....##.##
......##...##......#...#
########...('......+...+
########...##......#...#
.#...[##..####.....##.##
.#..[[##..##.##...##...## .#∆
.').).##..##..##@##t....#...#∆
.#..).##..# #..#{#.........# ∆
.#..).##..# #..)t.t###...##
########### ######## ####


You could see a snapping turtle.

Vanquished Creatures
  A bog body (D)
  A cyclops (D)
  An elephant (D)
  A gargoyle (D)
  A freezing wraith (D)
  A guardian mummy (D)
  A hornet (D)
  2 tarantellas (D)
  Sigmund (D)
  3 yaks (D)
  2 wargs (D)
  An orc warrior (D)
  A centaur (D)
  A phantom (D)
  2 scorpions (D)
  2 orc priests (D)
  A jelly (D)
  2 orc wizards (D)
  A worm (D)
  An adder skeleton (D)
  12 orcs (D)
  A ball python (D)
  An endoplasm (D)
  2 hobgoblins (D)
  A bat (D)
  A quokka zombie (D)
  2 rats (D)
47 creatures vanquished.

Notes
Turn   | Place    | Note
-------+----------+-------------------------------------------
     0 | D        | rocky1 the Gnoll Monk began the quest for the Orb.
     0 | D        | Reached XP level 1. HP: 23/23 MP: 1/1
    40 | D        | Found a bloodstained altar of Trog.
    40 | D        | Found a shimmering blue altar of Sif Muna.
    40 | D        | Found a viscous altar of Jiyva.
    40 | D        | Found a hazy altar of Hepliaklqana.
    40 | D        | Found an opulent altar of Gozag.
    51 | D        | Found a glowing golden altar of the Shining One.
    51 | D        | Found a glowing silver altar of Zin.
    51 | D        | Found a basalt altar of Yredelemnul.
    51 | D        | Found a shimmering altar of Xom.
    51 | D        | Found an ornate altar of the Wu Jian Council.
    51 | D        | Found a sacrificial altar of Ru.
    51 | D        | Found a stormy altar of Qazlal.
    51 | D        | Found an iron altar of Okawaru.
    51 | D        | Found a sparkling altar of Nemelex Xobeh.
    51 | D        | Found a burning altar of Makhleb.
    51 | D        | Found a blossoming altar of Fedhas.
    51 | D        | Found a white marble altar of Elyvilon.
    51 | D        | Found a shadowy altar of Dithmenos.
    51 | D        | Found a snail-covered altar of Cheibriados.
    54 | D        | Found a corrupted altar of Lugonu.
    54 | D        | Found a radiant altar of Vehumet.
    55 | D        | Found an ancient bone altar of Kikubaaqudgha.
    55 | D        | Found a hide-covered altar of Uskayaw.
    55 | D        | Found a broken altar of Ashenzari.
    59 | D        | Became a worshipper of Warmaster Okawaru
    59 | D        | Reached * piety under Okawaru
    59 | D        | Reached ** piety under Okawaru
    75 | D        | Noticed a scorpion
    84 | D        | Killed a scorpion
    85 | D        | Reached XP level 2. HP: 23/31 MP: 1/5
    85 | D        | Reached XP level 3. HP: 27/36 MP: 1/6
   246 | D        | Reached XP level 4. HP: 43/43 MP: 7/7
   331 | D        | Noticed a phantom
   350 | D        | Reached skill level 5 in Stealth
   457 | D        | Noticed a warg
   462 | D        | Noticed a scorpion
   472 | D        | Killed a warg
   472 | D        | Reached *** piety under Okawaru
   473 | D        | Reached XP level 5. HP: 29/49 MP: 7/10
   480 | D        | Reached XP level 6. HP: 35/56 MP: 7/12
   488 | D        | Reached skill level 5 in Invocations
   580 | D        | Noticed an orc warrior
   586 | D        | Killed an orc warrior
   586 | D        | Received a gift from Okawaru
   587 | D        | Reached skill level 5 in Short Blades
   587 | D        | Reached skill level 5 in Long Blades
   587 | D        | Reached skill level 5 in Axes
   587 | D        | Reached skill level 5 in Maces & Flails
   587 | D        | Reached skill level 5 in Staves
   587 | D        | Reached skill level 5 in Ranged Weapons
   587 | D        | Reached skill level 5 in Throwing
   587 | D        | Reached skill level 5 in Armour
   587 | D        | Reached skill level 5 in Shields
   587 | D        | Reached skill level 5 in Unarmed Combat
   587 | D        | Reached skill level 5 in Spellcasting
   587 | D        | Reached skill level 5 in Evocations
   587 | D        | Reached XP level 7. HP: 52/63 MP: 11/14
   592 | D        | Noticed a tarantella
   597 | D        | Killed a tarantella
   600 | D        | Noticed a warg
   613 | D        | Killed a warg
   613 | D        | Reached **** piety under Okawaru
   614 | D        | Reached skill level 5 in Conjurations
   614 | D        | Reached skill level 5 in Hexes
   614 | D        | Reached skill level 5 in Summonings
   614 | D        | Reached skill level 5 in Necromancy
   614 | D        | Reached skill level 5 in Translocations
   614 | D        | Reached skill level 5 in Transmutations
   614 | D        | Reached skill level 5 in Fire Magic
   614 | D        | Reached skill level 5 in Ice Magic
   614 | D        | Reached skill level 5 in Air Magic
   614 | D        | Reached skill level 5 in Earth Magic
   614 | D        | Reached skill level 5 in Poison Magic
   710 | D        | Noticed an elephant
   710 | D        | Noticed a tarantella
   724 | D        | Killed a tarantella
   725 | D        | Reached XP level 8. HP: 59/71 MP: 9/17
   734 | D        | Killed an elephant
   734 | D        | Received a gift from Okawaru
   859 | D        | Got the +2 war axe "Xafeytsi" {freeze, Fly SInv}
   933 | D        | Noticed a hornet
   938 | D        | Paralysed by a hornet for 2 turns
   951 | D        | Killed a hornet
  1116 | D        | Noticed a bog body
  1116 | D        | Noticed a cyclops
  1116 | D        | Noticed a freezing wraith
  1116 | D        | Noticed a yak
  1116 | D        | Noticed a yak
  1116 | D        | Noticed a yak
  1127 | D        | Killed a bog body
  1127 | D        | Reached ***** piety under Okawaru
  1127 | D        | Received a gift from Okawaru
  1128 | D        | Reached skill level 10 in Fighting
  1128 | D        | Reached skill level 10 in Polearms
  1128 | D        | Reached skill level 10 in Dodging
  1128 | D        | Reached XP level 9. HP: 16/78 MP: 18/20
  1129 | D        | HP: 4/117 [yak (13)]
  1157 | D        | Killed a freezing wraith
  1164 | D        | Killed a cyclops
  1170 | D        | Received a gift from Okawaru
  1515 | D        | Noticed a guardian mummy
  1516 | D        | Noticed Sigmund
  1516 | D        | Noticed a gargoyle
  1528 | D        | Killed a guardian mummy
  1529 | D        | Reached XP level 10. HP: 50/86 MP: 22/22
  1538 | D        | Killed Sigmund
  1543 | D        | Killed a gargoyle
  1660 | D        | HP: 1/87 [snapping turtle (17)]
  1661 | D        | Mangled by a snapping turtle

Illustrated notes

Levels and vault maps discovered:
D:        pitsprint [storerooms_1, entrance_room_1, metal_vault_3, armoury_1,
          mini_pit_1, grid_room_1, main_hall_1, silver_pit, the_coven_3,
          the_vestibule_1, steel_vault_1, golden_pit, hallway_of_sentries,
          crystal_vault_5, iron_vault_1, final_vault]

Skill      XL: |  1  2  3  4  5  6  7  8  9 10 |
---------------+-------------------------------+-----
Fighting       | 7 8 9 10 11 | 11.0
Short Blades   | 2 3 4 5 6 7 8 |  8.9
Long Blades    | 2 3 4 5 6 7 8 |  8.9
Axes           | 2 3 4 5 6 7 8 |  8.9
Maces & Flails | 2 3 4 5 6 7 8 |  8.9
Polearms       | 7 8 9 10 11 | 11.0
Staves         | 2 3 4 5 6 7 8 |  8.9
Ranged Weapons | 2 3 4 5 6 7 8 |  8.9
Throwing       | 2 3 4 5 6 7 8 |  8.9
Armour         | 2 3 4 5 6 7 8 |  8.9
Dodging        | 7 8 9 10 11 | 11.0
Shields        | 2 3 4 5 6 7 8 |  8.9
Unarmed Combat | 2 3 4 5 6 7 8 |  8.9
Spellcasting   | 2 3 4 5 6 7 8 |  8.9
Conjurations   | 2 3 4 5 6 7 |  7.4
Hexes          | 2 3 4 5 6 7 |  7.4
Summonings     | 2 3 4 5 6 7 |  7.4
Necromancy     | 2 3 4 5 6 7 |  7.4
Translocations | 2 3 4 5 6 7 |  7.4
Transmutations | 2 3 4 5 6 7 |  7.4
Fire Magic     | 2 3 4 5 6 7 |  7.4
Ice Magic      | 2 3 4 5 6 7 |  7.4
Air Magic      | 2 3 4 5 6 7 |  7.4
Earth Magic    | 2 3 4 5 6 7 |  7.4
Poison Magic   | 2 3 4 5 6 7 |  7.4
Invocations    | 2 4 5 7 8 9 |  9.7
Evocations     | 2 3 4 5 6 7 8 |  8.9
Stealth        | 5 6 7 8 9 |  9.9

Action                   |  1- 3 |  4- 6 |  7- 9 | 10-12 || total
-------------------------+-------+-------+-------+-------++-------
Melee: Trident           |     9 |    49 |    39 |       ||    97
       Bite              |     1 |     4 |    15 |       ||    20
       Spear             |     1 |       |       |       ||     1
       Punch             |       |     1 |     5 |       ||     6
       Halberd           |       |       |    45 |     8 ||    53
       Scimitar          |       |       |    34 |       ||    34
       War axe           |       |       |       |     6 ||     6
Throw: Boomerang         |       |     3 |       |       ||     3
Invok: Heroism           |       |     1 |     3 |       ||     4
       Finesse           |       |       |     2 |       ||     2
  Use: Potion            |       |       |     6 |     1 ||     7
       Scroll            |       |       |     1 |       ||     1
 Stab: Sleeping          |     4 |     1 |     1 |       ||     6
Armor: Robe              |       |     2 |       |       ||     2
       Ring mail         |       |     4 |     8 |       ||    12
       Chain mail        |       |       |    38 |    20 ||    58
Dodge: Dodged            |     5 |    26 |    53 |     7 ||    91

Table legend: (Time is in decaauts)
 A = Elapsed time spent in this place.
 B = Non-inter-level travel time spent in this place.
 C = Inter-level travel time spent in this place.
 D = Time resting spent in this place.
 E = Time spent auto-exploring this place.
 F = Levels seen in this place.
 G = Mean time per level.
                   A        B        C        D        E       F      G
               +--------+--------+--------+--------+--------+-----+--------+
         Total |   1622 |   1555 |     67 |    966 |      0 |   1 | 1622.0 |
       Dungeon |   1622 |   1555 |     67 |    966 |      0 |   1 | 1622.0 |
               +--------+--------+--------+--------+--------+-----+--------+

Top non-repeatable levels by time:
       D: 1622 daAuts
